 Dungeon Crawl Stone Soup version 0.27.1-4-g1640c2035a (webtiles) character file.

Game seed: 16353980514832310799

56 pkoi the Ruffian (level 3, -6/31 HPs)
             Began as a Draconian Monk on Nov 11, 2021.
             Mangled by a gnoll (13 damage)
             ... on level 2 of the Dungeon.
             The game lasted 00:01:10 (1208 turns).

pkoi the Ruffian (Draconian Monk)                   Turns: 1208, Time: 00:01:11

Health: -6/31      AC:  5    Str: 14    XL:     3   Next: 69%
Magic:  3/3        EV: 12    Int: 10    God:
Gold:   43         SH:  0    Dex: 13    Spells: 2/2 levels left

rFire    . . .     SeeInvis .   c - +3 whip (venom)
rCold    . . .     Faith    .   (no shield)
rNeg     . . .     Spirit   .   (armour unavailable)
rPois    .         Reflect  .   (helmet restricted)
rElec    .         Harm     .   (no cloak)
rCorr    .         Rampage  .   (no gloves)
Will     .....                  (no boots)
Stlth    ++........             (no amulet)
HPRegen  0.10/turn              (no ring)
MPRegen  0.08/turn              (no ring)

@: no status effects
A: AC +5, unfitting armour, cold-blooded
a: no special abilities


You were on level 2 of the Dungeon.
You visited 1 branch of the dungeon, and saw 2 of its levels.

You collected 43 gold pieces.

Inventory:

Hand Weapons
 c - a +3 whip of venom (weapon)
Scrolls
 g - a scroll of identify
Potions
 a - a potion of lignification {unknown}
 b - a potion of flight
 d - 2 potions of curing {unknown}


   Skills:
 - Level 3.2 Fighting
 - Level 2.6 Dodging
 - Level 1.7 Stealth
 + Level 4.7 Unarmed Combat


You had 2 spell levels left.
You didn't know any spells.
Your spell library contained the following spells:

 Spells                   Type           Power      Damage    Failure   Level
 Corpse Rot               Necr/Air       N/A        N/A       50%         2
 Poisonous Vapours        Pois/Air       0%         N/A       50%         2
 Passage of Golubria      Tloc           N/A        N/A       98%         4
 Freezing Cloud           Conj/Ice/Air   0%         6-21      100%        5
 Silence                  Hex/Air        0%         N/A       100%        5
 Lehudib's Crystal Spear  Conj/Erth      0%         10d2      100%        8


Dungeon Overview and Level Annotations

Branches:
Dungeon (2/15)

Altars:


Innate Abilities, Weirdness & Mutations

Your plain brown scales are hard. (AC +5)
You cannot fit into any form of body armour.
You are cold-blooded and may be slowed by cold attacks.


Message History

You closely miss the gnoll. The gnoll hits you but does no damage.
You hit the gnoll.
The gnoll is poisoned.
The gnoll is moderately wounded.
The gnoll hits you with a +0 flail.
* * * LOW HITPOINT WARNING * * *
The gnoll closely misses you.
You hit the gnoll.
The gnoll looks as sick as possible!
The gnoll is severely wounded.
You kill the gnoll!
Things that are here:
a +0 flail; a +0 whip; a gnoll corpse You start resting.
HP restored.
There is a stone staircase leading down here.
You climb downwards.
There is a stone staircase leading up, spattered with blood here.
Found a scroll labelled ETUPOBOTON.
The gnoll hits you with a +0 halberd.
The gnoll hits you from afar with a +0 halberd.
Found 14 gold pieces.
The gnoll hits you from afar with a +0 spear.
The gnoll misses you. The gnoll barely misses you.
You hit the gnoll.
The gnoll is poisoned.
You tail-slap the gnoll.
The gnoll is moderately wounded.
The gnoll hits you from afar with a +0 spear.
The gnoll hits you with a +0 halberd.
* * * LOW HITPOINT WARNING * * *
You closely miss the gnoll.
The gnoll is moderately wounded.
The gnoll misses you. The gnoll hits you with a +0 halberd!
* * * LOW HITPOINT WARNING * * *
You hit the gnoll but do no damage.
The gnoll looks as sick as possible!
Your tail-slap misses the gnoll.
You punch the gnoll, but do no damage.
The gnoll is moderately wounded.
The gnoll hits you from afar with a +0 spear.
* * * LOW HITPOINT WARNING * * *
The gnoll misses you. The gnoll barely misses you.
The gnoll hits you from afar with a +0 halberd!
You die...

....# ....# ..... ...
∩..♣.# ... .........##.#
....# ........##.# ....#
8 .∩..♣#..#.# ....# .. #
..#....#.###....#
...##.#.#.##....÷.....#
.....#.#.##..@##.....#
...##...........g.....###
.......<.......g.........
#####.###................
# #.####.#.#......$ #.#
..>..#.......
#.##?###......... #.##.
###....... #... ....###


You could see 2 gnolls.

Vanquished Creatures
  2 gnolls (D:1)
  4 dart slugs (D:1)
  A bat (D:1)
  An endoplasm (D:1)
  A giant cockroach (D:1)
  2 hobgoblins
  3 jackals (D:1)
  3 kobolds (D:1)
  2 quokkas (D:1)
  2 ball pythons (D:1)
  3 frilled lizards (D:1)
  5 rats (D:1)
29 creatures vanquished.

Notes
Turn   | Place    | Note
-------+----------+-------------------------------------------
     0 | D:1      | pkoi the Draconian Monk began the quest for the Orb.
     0 | D:1      | Reached XP level 1. HP: 19/19 MP: 1/1
   210 | D:1      | Reached XP level 2. HP: 26/26 MP: 2/2
   375 | D:1      | Reached skill level 4 in Unarmed Combat
   653 | D:1      | Reached XP level 3. HP: 29/31 MP: 3/3
  1208 | D:2      | Mangled by a gnoll

Illustrated notes

Levels and vault maps discovered:
D:1:      nicolae_arrival_memento_mori, layout_basic, minmay_misc_feat_five
D:2:      layout_basic, hellmonk_ecumenical_altar_arch_garden, minmay_cut_off

Skill      XL: |  1  2 |
---------------+-------+-----
Unarmed Combat | 4 |  4.7
Fighting       | |  3.2
Dodging        | |  2.6
Stealth        | |  1.7

Action                   || total
-------------------------++-------
Melee: Unarmed           ||    43
       Tailslap          ||    15
       Whip              ||    42
       Punch             ||     1
  Use: Scroll            ||     4
 Stab: Sleeping          ||     5
Armor: Skin              ||    20
Dodge: Dodged            ||    62
